 Dungeon Crawl Stone Soup version 0.31-a0-202-g547052bce9 (webtiles) character file.

Game seed: 3007726916315725954

55 qw the Shooter (level 3, -4/20 HPs)
             Began as a Deep Elf Hunter on June 26, 2023.
             Slain by Terence
             ... wielding a +2 mace of protection
              (8 damage)
             ... on level 2 of the Dungeon.
             The game lasted 00:00:27 (1020 turns).

qw the Shooter (Deep Elf Hunter)                    Turns: 1020, Time: 00:00:28

Health: -4/20      AC:  3    Str: 10    XL:     3   Next: 67%
Magic:  5/5        EV: 12    Int: 13    God:
Gold:   141        SH:  0    Dex: 18    Spells: 2/2 levels left

rFire   . . .        Y - +0 shortbow
rCold   . . .        (shield currently unavailable)
rNeg    . . .        c - +0 leather armour
rPois   .            (no helmet)
rElec   .            (no cloak)
rCorr   .            (no gloves)
SInv    .            (no boots)
Will    .....        (no amulet)
Stlth   ++           (no ring)
HPRegen 0.23/turn    (no ring)
MPRegen 0.09/turn

%: no passive effects
@: no status effects
A: no striking features
a: no special abilities


You were on level 2 of the Dungeon.
You visited 1 branch of the dungeon, and saw 2 of its levels.

You collected 141 gold pieces.


   Skills:
 - Level 1.5 Fighting
 + Level 7.2 Ranged Weapons
 - Level 2.4 Dodging
 - Level 1.2 Stealth


You had 2 spell levels left.
You didn't know any spells.
Your spell library was empty.

Inventory:

Hand Weapons
 Y - a +0 shortbow (weapon)
Armour
 c - a +0 leather armour (worn)
 h - a +0 ring mail
Jewellery
 b - a +4 ring of slaying {mikee}
Scrolls
 d - 5 scrolls of identify
 g - a scroll of enchant armour
Potions
 a - a potion of haste {unknown}
 e - a potion of lignification {unknown}
 f - 2 potions of curing

Dungeon Overview and Level Annotations

Branches:
Dungeon (2/15)

Altars:

Annotations:
D:2 Terence


Message History

The arrow hits Terence but does no damage.
You shoot an arrow.
The arrow hits Terence but does no damage.
You shoot an arrow. The arrow hits Terence.
Terence is lightly wounded.
You shoot an arrow.
The arrow hits Terence but does no damage.
Terence is lightly wounded.
Terence hits you with a +2 mace of protection!
You shoot an arrow.
The arrow hits Terence but does no damage.
Terence is lightly wounded.
Terence hits you with a +2 mace of protection.
You shoot an arrow. The arrow hits Terence.
Terence is moderately wounded.
Terence hits you with a +2 mace of protection. x2
You shoot an arrow. The arrow closely misses Terence.
Terence hits you with a +2 mace of protection.
You shoot an arrow. The arrow hits Terence.
Terence is moderately wounded.
Terence closely misses you.
You shoot an arrow. The arrow hits Terence.
Terence is heavily wounded.
Terence hits you with a +2 mace of protection.
You shoot an arrow. The arrow hits Terence!
Terence is almost dead.
Terence barely misses you.
You shoot an arrow.
The arrow hits Terence but does no damage.
Terence is almost dead.
Terence misses you.
You shoot an arrow.
The arrow hits Terence but does no damage.
Terence is almost dead.
Terence hits you but does no damage.
You shoot an arrow.
The arrow hits Terence but does no damage.
Terence is almost dead.
Terence hits you with a +2 mace of protection!
You die...

#.### ## #.# # .# #.#
# #.# #.### ###...
########....
#...#.##...........
#).....#.##........
#.##.@###......##)....
#....@.#..#.####.#.###
####.#...#.........#
...##.......####.#
#.#####..777..#....###
#.# ##..77 77...##....
#.###..77 77..#.....
#.##..77 77.......
#.##.77 77......
#.##.7 7.##.##


You could see Terence.

Vanquished Creatures
  An adder (D:2)
  9 ball pythons
  6 bats
  2 endoplasms
  5 goblins
  3 hobgoblins
  5 jackals (D:1)
  A kobold (D:2)
  A quokka (D:2)
  4 frilled lizards
  4 rats (D:1)
41 creatures vanquished.

Notes
Turn   | Place    | Note
-------+----------+-------------------------------------------
     0 | D:1      | qw the Deep Elf Hunter began the quest for the Orb.
     0 | D:1      | Reached XP level 1. HP: 12/12 MP: 3/3
     0 | D:1      | 0 ||| qw: Version: 0.3-a-22-g0ed2b0b
     0 | D:1      | 0 ||| qw: Game counter: 5744
     0 | D:1      | 0 ||| qw: Melee chars always use a shield: true
     0 | D:1      | 0 ||| qw: God list: Okawaru
     0 | D:1      | 0 ||| qw: Allow faded altars: false
     0 | D:1      | 0 ||| qw: Do Orc after clearing Dungeon:15 true
     0 | D:1      | 0 ||| qw: Do second Lair branch before Depths: true
     0 | D:1      | 0 ||| qw: Lair rune preference: random
     0 | D:1      | 0 ||| qw: Goals: Normal
     0 | D:1      | 0 ||| PLANNING D:1-11
     2 | D:1      | Noticed a meteoran
     2 | D:1      | Noticed a troll
     4 | D:1      | Noticed a demigod
     4 | D:1      | Noticed a vine stalker
     6 | D:1      | Noticed a draconian
     8 | D:1      | Noticed a vampire
     8 | D:1      | Noticed an octopode
    10 | D:1      | Noticed a formicid
    10 | D:1      | Noticed a spriggan
    12 | D:1      | Noticed a demonspawn
    14 | D:1      | Noticed a gargoyle
    14 | D:1      | Noticed a human
    16 | D:1      | Noticed an elf
    18 | D:1      | Noticed an armataur
    18 | D:1      | Noticed a merfolk
    20 | D:1      | Noticed a ghoul
    20 | D:1      | Noticed a minotaur
    22 | D:1      | Noticed an ogre
    22 | D:1      | Noticed a tengu
    24 | D:1      | Noticed a naga
    24 | D:1      | Noticed a felid
    26 | D:1      | Noticed a gargoyle
    26 | D:1      | Noticed an ogre
   130 | D:1      | Reached XP level 2. HP: 16/16 MP: 4/4
   148 | D:1      | Reached skill level 6 in Ranged Weapons
   227 | D:1      | HP: 3/16 [hobgoblin (3)]
   550 | D:1      | You fall into a shaft and drop 1 floor!
   553 | D:2      | 553 ||| READING 4 scrolls labelled KAHILUU YBUASK.
   554 | D:2      | 554 ||| READING scroll labelled FIGAEJ MASOFUESH.
   555 | D:2      | 555 ||| READING 2 scrolls labelled GIMIRPH TOERPH.
   556 | D:2      | 556 ||| DRINKING 3 black potions.
   557 | D:2      | 557 ||| DROPPING 3 scrolls of immolation.
   558 | D:2      | 558 ||| DROPPING scroll of butterflies.
   611 | D:1      | Reached XP level 3. HP: 20/20 MP: 5/5
   678 | D:1      | 678 ||| READING scroll labelled VAJ QATUKEDUA.
   847 | D:2      | Reached skill level 7 in Ranged Weapons
  1006 | D:2      | Noticed Terence
  1013 | D:2      | HP: 5/20 [Terence/+2 mace of protection (2)]
  1020 | D:2      | Slain by Terence

Levels and vault maps discovered:
D:1:      kb_arrival_jail, layout_basic
D:2:      layout_loops_cross, dilly_ecumenical_altar_fadedgnrine,
          minmay_misc_feat_columns, minmay_misc_feat_rows, minivault_24,
          kennysheep_big_empty_room, minmay_pentomino_p2, uniq_terence

Skill      XL: |  1  2  3 |
---------------+----------+-----
Ranged Weapons | 6 7 |  7.2
Fighting       | |  1.5
Dodging        | |  2.4
Stealth        | |  1.2

Action                     || total
---------------------------++-------
   Fire: Shortbow          ||   119
    Use: Scroll            ||     4
         Potion            ||     1
 Armour: Leather armour    ||    22
  Dodge: Dodged            ||    49

Table legend:
 A = Non-vault XP
 B = Vault XP
 C = Vault XP percentage of total XP
 D = Non-vault monster count
 E = Vault monster count
 F = Vault count percentage of total count
                 A         B        C        D         E       F
            +---------+---------+-------+---------+---------+-------
      Total |      78 |       1 |   1.3 |      40 |       1 |   2.4
            +---------+---------+-------+---------+---------+-------
        D:1 |      45 |       0 |   0.0 |      27 |       0 |   0.0
        D:2 |      33 |       1 |   2.9 |      13 |       1 |   7.1
            +---------+---------+-------+---------+---------+-------
